 Dungeon Crawl Stone Soup version 0.30-a0-1164-ge08a67761e (webtiles) character file.

Game seed: 17807237686693259211

11027 Rrauwl the Peltast (level 12, 0/83 HPs)
             Began as a Formicid Fighter on Apr 29, 2023.
             Was a Follower of the Shining One.
             Slain by a dire elephant (14 damage)
             ... on level 2 of the Lair of Beasts.
             The game lasted 00:27:53 (8252 turns).

Rrauwl the Peltast (Formicid Fighter)               Turns: 8252, Time: 00:27:53

Health: 0/83       AC: 12    Str: 26    XL:     12   Next: 2%
Magic:  12/12      EV: 10    Int:  8    God:    the Shining One [*.....]
Gold:   403        SH: 26    Dex: 13    Spells: 10/11 levels left

rFire   + . .        a - +0 war axe (flame)
rCold   . . .        e - +1 tower shield {rF+}
rNeg    . . .        s - +2 steam dragon scales
rPois   .            (helmet unavailable)
rElec   .            y - +2 cloak
rCorr   .            h - +0 pair of gloves {Stlth+}
SInv    +            (no boots)
Will    +++..        v - amulet of magic regeneration
Stlth   +            c - +4 ring of slaying
HPRegen 0.33/turn    l - ring of willpower
MPRegen 0.53/turn

%: no passive effects
@: mighty, divinely shielded, glowing
A: permanent stasis, dig shafts and tunnels, antennae 3, four strong arms,
strong-willed 1, noise suppression
a: Dig, Shaft Self, Renounce Religion, Divine Shield


You were on level 2 of the Lair of Beasts.
You worshipped the Shining One.
The Shining One was aware of your devotion.
You visited 3 branches of the dungeon, and saw 12 of its levels.

You collected 519 gold pieces.
You spent 116 gold pieces at shops.

Inventory:

Hand Weapons
 a - a +0 war axe of flaming (weapon)
 b - a +0 broad axe
Missiles
 f - a throwing net
 i - 7 javelins (quivered)
Armour
 e - a +1 tower shield of fire resistance (worn)
 h - a +0 pair of gloves of stealth (worn)
 s - +2 steam dragon scales (worn)
 y - a +2 cloak (worn)
Jewellery
 c - a +4 ring of slaying (left hand)
 l - a ring of willpower (right hand)
 q - a ring of fire
 v - an amulet of magic regeneration (around neck)
Wands
 n - a wand of mindburst (10)
 o - a wand of digging (1)
 u - a wand of polymorph (8)
 w - a wand of paralysis (3)
Scrolls
 j - 4 scrolls of identify
 p - a scroll of poison
Potions
 d - a potion of resistance
 g - 3 potions of curing
 m - 5 potions of lignification
 r - 3 potions of flight
Miscellaneous
 t - a box of beasts


   Skills:
 - Level 4.0 Fighting
 + Level 12.9 Axes
 - Level 4.0 Armour
 + Level 16.6 Shields


You had 10 spell levels left.
You knew the following spells:

 Your Spells              Type           Power      Damage    Failure   Level
a - Apportation           Tloc           0%         N/A       65%         1

Your spell library contained the following spells:

 Spells                   Type           Power      Damage    Failure   Level
 Beastly Appendage        Tmut           0%         N/A       65%         1
 Foxfire                  Conj/Fire      0%         2x1d4     65%         1
 Ensorcelled Hibernation  Hex/Ice        0%         N/A       80%         2
 Wereblood                Tmut           0%         N/A       80%         2
 Call Canine Familiar     Summ           0%         N/A       95%         3
 Portal Projectile        Hex/Tloc       0%         N/A       95%         3
 Spider Form              Tmut/Pois      0%         N/A       95%         3
 Tukima's Dance           Hex            0%         N/A       95%         3
 Anguish                  Hex/Necr       0%         N/A       100%        4
 Leda's Liquefaction      Hex/Erth       0%         N/A       100%        4
 Passage of Golubria      Tloc           0%         N/A       100%        4
 Summon Ice Beast         Ice/Summ       0%         N/A       100%        4
 Alistair's Intoxication  Tmut/Pois      0%         N/A       100%        5
 Fireball                 Conj/Fire      0%         3d3       100%        5
 Silence                  Hex/Air        0%         N/A       100%        5
 Summon Mana Viper        Hex/Summ       0%         N/A       100%        5
 Yara's Violent Unravell  Hex/Tmut       0%         3d3       100%        5
 Plasma Beam              Fire/Air       0%         2x1d11    100%        6
 Starburst                Conj/Fire      0%         6d3       100%        6
 Monstrous Menagerie      Summ           0%         N/A       100%        7
 Lehudib's Crystal Spear  Conj/Erth      0%         10d2      100%        8


Dungeon Overview and Level Annotations

Branches:
Dungeon (9/15)             Temple (1/1) D:5            Lair (2/5) D:8
 Shoals (0/4) Lair:2
  Snake: Lair:2-3    Spider: Lair:2-3       Orc: D:9-12

Altars:
Ashenzari
Cheibriados
Dithmenos
Elyvilon
Fedhas
Gozag
Hepliaklqana
Kikubaaqudgha
Makhleb
Nemelex Xobeh
Okawaru
Qazlal
Sif Muna
Trog
Uskayaw
Vehumet
Wu Jian
Xom
Yredelemnul
The Shining One

Shops:
D:1 [   D:3 [


Innate Abilities, Weirdness & Mutations

You cannot be hasted, slowed, berserked, paralysed or teleported.
You can dig through walls and to a lower floor.
You have a pair of large antennae on your head. (SInv)
Your four strong arms can wield two-handed weapons with a shield.
You are strong-willed. (Will+)
You passively dampen the noise of your surroundings.


Message History

You hit the elephant. You burn the elephant.
The elephant is heavily wounded.
You slash the dire elephant! You burn the dire elephant.
The dire elephant tramples you but does no damage.
You block the dire elephant's attack. The elephant tramples you!
* * * LOW HITPOINT WARNING * * *
You hold your ground!
The elephant trunk-slaps you but does no damage.
Unknown command.
Unknown command.
Unknown command.
You slash the elephant! You burn the elephant!
The elephant is almost dead.
You hit the dire elephant. You burn the dire elephant.
You block the dire elephant's attack. x2
Unknown command.
Unknown command.
Unknown command.
You hit the elephant. You burn the elephant.
The elephant is almost dead.
You slash the dire elephant! You burn the dire elephant.
The elephant tramples you!
* * * LOW HITPOINT WARNING * * *
You hold your ground!
You block the elephant's attack.
You block the dire elephant's attack. x2
Unknown command.
Unknown command.
You feel better. The dire elephant barely misses you.
You block the dire elephant's attack.
You completely miss the elephant.
The elephant is almost dead.
You slash the dire elephant! You burn the dire elephant.
You block the elephant's attack. x2
Unknown command.
Unknown command.
You slice the elephant!! You burn the elephant.
You kill the elephant!
You hit the elephant but do no damage. You hit the dire elephant.
You burn the dire elephant. The dire elephant tramples you!
You die...

.................###
..................#
..##......P...........##
.#....k........P.####.#
.{...P...Y....#### ###
............P.#
.#......##....####
......######.###.##
.$...##.####††.Y@.##
...............Y†..#
#..#..#..#####.....#####
## ####### ##.#......#
##......###
###......#######
#.#........##.#
####....#.....#
##.####.####


You could see a dire elephant and an elephant.

Vanquished Creatures
  5 elephants (Lair:2)
  A black mamba (Lair:2)
  A torpor snail (Lair:1)
  A cane toad (Lair:1)
  Maggie (D:6)
  5 rime drakes
  A komodo dragon (Lair:2)
  A hornet (D:7)
  A snapping turtle (Lair:2)
  5 blink frogs (Lair:1)
  4 wyverns
  8 yaks
  2 steam dragons
  Grum (Lair:1)
  Menkaure (D:5)
  2 water moccasins (D:8)
  Duvessa (D:6)
  An acid dragon (D:7)
  2 orc warriors
  An ice beast (D:7)
  2 sky beasts (D:7)
  2 black bears
  An ogre (D:7)
  8 wolves
  2 centaurs (D:8)
  3 bullfrogs
  3 scorpions
  Dowan (D:6)
  6 killer bees (D:6)
  7 hounds
  An orc priest (D:6)
  Crazy Yiuf (D:6)
  A sleepcap (D:6)
  5 iguanas
  6 orc wizards
  3 adders
  A gnoll (D:1)
  2 shadow imps
  2 white imps
  An ufetubus (D:5)
  4 worms
  3 dart slugs
  21 orcs
  5 endoplasms
  5 giant cockroaches
  6 goblins
  9 hobgoblins
  9 jackals
  7 kobolds
  6 quokkas
  9 ball pythons
  4 bats
  2 frilled lizards (D:1)
  5 rats
198 creatures vanquished.

Vanquished Creatures (others)
  101 fungi
  88 plants
189 creatures vanquished.

Grand Total: 387 creatures vanquished

Notes
Turn   | Place    | Note
-------+----------+-------------------------------------------
     0 | D:1      | Rrauwl the Formicid Fighter began the quest for the Orb.
     0 | D:1      | Reached XP level 1. HP: 18/18 MP: 1/1
    28 | D:1      | Reached XP level 2. HP: 24/24 MP: 2/2
   185 | D:1      | Reached XP level 3. HP: 29/29 MP: 3/3
   210 | D:1      | Found Omuv's Armour Shop.
   795 | D:2      | Gained mutation: You have hidden genetic defects. [potion
                  | of mutation]
   795 | D:2      | Gained mutation: You passively map a small area around you.
                  | [potion of mutation]
  1001 | D:2      | Reached XP level 4. HP: 29/37 MP: 4/4
  1011 | D:2      | Gained mutation: You occasionally shout uncontrollably at
                  | your foes. [hidden defects]
  1143 | D:2      | Found a faded altar of an unknown god.
  1271 | D:2      | Gained mutation: You frequently scream uncontrollably at
                  | your foes. [hidden defects]
  1271 | D:2      | Lost mutation: You have hidden genetic defects. [hidden
                  | defects expressed]
  1783 | D:3      | Reached skill level 5 in Shields
  1783 | D:3      | Reached XP level 5. HP: 42/42 MP: 5/5
  2022 | D:3      | Found Qeokk's Armour Boutique.
  2030 | D:3      | Bought a +0 cloak for 58 gold pieces
  2030 | D:3      | Bought a +0 pair of gloves for 58 gold pieces
  2074 | D:3      | Found an ancient bone altar of Kikubaaqudgha.
  2392 | D:4      | Noticed a bullfrog
  2402 | D:4      | Killed a bullfrog
  2413 | D:4      | Reached XP level 6. HP: 48/48 MP: 6/6
  2416 | D:4      | Reached skill level 6 in Shields
  2430 | D:4      | Learned a level 1 spell: Apportation
  2639 | D:4      | Noticed a black bear
  2650 | D:4      | Killed a black bear
  2656 | D:4      | Reached XP level 7. HP: 54/54 MP: 7/7
  2662 | D:4      | Reached skill level 7 in Shields
  2935 | D:5      | Entered Level 5 of the Dungeon
  2959 | D:5      | Found a staircase to the Ecumenical Temple.
  2978 | Temple   | Entered the Ecumenical Temple
  3298 | Temple   | Became a worshipper of the Shining One
  3412 | D:5      | Reached skill level 5 in Axes
  3637 | D:5      | Noticed Menkaure
  3643 | D:5      | Killed Menkaure
  3644 | D:5      | Reached skill level 8 in Shields
  3668 | D:5      | Reached XP level 8. HP: 59/60 MP: 8/8
  3684 | D:5      | Lost mutation: You frequently scream uncontrollably at your
                  | foes. [potion of mutation]
  3684 | D:5      | Lost mutation: You passively map a small area around you.
                  | [potion of mutation]
  3684 | D:5      | Gained mutation: You passively map a small area around you.
                  | [potion of mutation]
  3684 | D:5      | Gained mutation: You are agile. (Dex +4, Str/Int -1)
                  | [potion of mutation]
  4016 | D:6      | Reached skill level 9 in Shields
  4135 | D:6      | Found a broken altar of Ashenzari.
  4253 | D:6      | Noticed Maggie
  4258 | D:6      | Killed Maggie
  4259 | D:6      | Reached skill level 10 in Shields
  4259 | D:6      | Reached XP level 9. HP: 65/65 MP: 9/9
  4537 | D:6      | Lost mutation: You occasionally shout uncontrollably at
                  | your foes. [potion of mutation]
  4537 | D:6      | Lost mutation: You are agile. (Dex +4, Str/Int -1) [potion
                  | of mutation]
  4537 | D:6      | Gained mutation: You are strong-willed. (Will+) [potion of
                  | mutation]
  4537 | D:6      | Lost mutation: You passively map a small area around you.
                  | [potion of mutation]
  4537 | D:6      | Gained mutation: You passively dampen the noise of your
                  | surroundings. [potion of mutation]
  4581 | D:6      | Noticed Duvessa
  4584 | D:6      | Noticed Dowan
  4589 | D:6      | Killed Duvessa
  4602 | D:6      | Killed Dowan
  4603 | D:6      | Reached skill level 11 in Shields
  4642 | D:6      | Found a runed translucent door.
  4643 | D:6      | Noticed Crazy Yiuf
  4650 | D:6      | Killed Crazy Yiuf
  5060 | D:7      | Noticed a hornet
  5063 | D:7      | Killed a hornet
  5085 | D:7      | Reached skill level 12 in Shields
  5290 | D:7      | Reached XP level 10. HP: 69/71 MP: 10/10
  5392 | D:8      | Noticed a rime drake
  5396 | D:8      | Found the +4 skin of Zhor {*Englaciate rC+++ SInv}
  5413 | D:8      | Noticed a rime drake
  5584 | D:8      | Found an iron altar of Okawaru.
  5625 | D:8      | Reached skill level 13 in Shields
  5629 | D:8      | Reached skill level 10 in Axes
  6085 | D:8      | Found a staircase to the Lair.
  6119 | D:8      | Noticed a two-headed ogre
  6413 | D:8      | Killed a rime drake
  6414 | D:8      | Reached skill level 14 in Shields
  6418 | D:8      | Killed a rime drake
  6423 | D:8      | Noticed a rime drake
  6423 | D:8      | Noticed a rime drake
  6567 | D:8      | Killed a rime drake
  6571 | D:8      | Killed a rime drake
  6572 | D:8      | Reached XP level 11. HP: 77/77 MP: 11/11
  6682 | D:9      | Noticed a two-headed ogre
  6752 | Lair:1   | Entered Level 1 of the Lair of Beasts
  6923 | Lair:1   | Reached * piety under the Shining One
  6928 | Lair:1   | Noticed Grum
  6934 | Lair:1   | Killed Grum
  6946 | Lair:1   | Reached skill level 15 in Shields
  7426 | Lair:2   | Noticed an elephant
  7445 | Lair:2   | Killed an elephant
  7529 | Lair:2   | Noticed an elephant
  7544 | Lair:2   | Killed an elephant
  7545 | Lair:2   | Reached skill level 16 in Shields
  7600 | Lair:2   | Noticed an elephant
  7614 | Lair:2   | Killed an elephant
  7894 | Lair:2   | Found a staircase to the Shoals.
  8111 | Lair:2   | Noticed an elephant
  8121 | Lair:2   | Killed an elephant
  8220 | Lair:2   | Noticed a dire elephant
  8220 | Lair:2   | Noticed an elephant
  8237 | Lair:2   | Reached XP level 12. HP: 77/83 MP: 12/12
  8252 | Lair:2   | Slain by a dire elephant

Illustrated notes

Levels and vault maps discovered:
D:1:      minmay_arrival_four_circles, layout_loops_ring, serial_shops, shop,
          serial_forest, infiniplex_forest_straight_2,
          infiniplex_forest_lined_1, infiniplex_forest_corner_1,
          infiniplex_forest_clump_diagonal, infiniplex_forest_lined_1,
          infiniplex_forest_lined_corner
D:2:      layout_basic, nicolae_ecumenical_oubliette, eino_tiny_chamber,
          item_on_display_b
D:3:      layout_basic, mainiacjoe_overflow_surrounded_room, serial_shops, shop
D:4:      layout_rooms
D:5:      layout_cave_pools, minmay_temple_entry_tees, uniq_menkaure
D:6:      layout_loops_ring, cheibrodos_ashenzari_chains, uniq_duvessa,
          uniq_crazy_yiuf_cottage, uniq_maggie
D:7:      layout_cave_pools
D:8:      layout_loops_ring, mainiacjoe_overflow_cross_hatched,
          minmay_lair_entry_grove, supply_closet_lemuel, minmay_misc_feat_five,
          hellmonk_guarded_unrand_zhor
D:9:      layout_long_grid, mainiacjoe_overflow_brackets, uniq_maurice
Temple:   minmay_temple_bridge_d
Lair:1:   layout_misc_corridors, infiniplex_staircase_pool, uniq_grum
Lair:2:   mu_elephants_graveyard, layout_misc_corridors,
          minmay_shoals_entry_hut, chequers_serial_rivers_micro_b,
          chequers_serial_rivers_room_a, st_stairs_3, ice2_lemuel,
          lemuel_fruit_tree

Skill      XL: |  1  2  3  4  5  6  7  8  9 10 11 |
---------------+----------------------------------+-----
Fighting       | 4 |  4.0
Armour         | 4 |  4.0
Axes           | 3 4 5 7 9 11 12 | 12.9
Shields        | 5 6 8 10 12 14 16 | 16.6

Action                     |  1- 3 |  4- 6 |  7- 9 | 10-12 || total
---------------------------+-------+-------+-------+-------++-------
  Melee: War axe           |   138 |    97 |   157 |   262 ||   654
 Invoke: Divine Shield     |       |       |       |     1 ||     1
  Evoke: Wand              |       |       |    10 |     8 ||    18
    Use: Potion            |     3 |     1 |     3 |     9 ||    16
         Scroll            |     5 |     2 |     6 |     1 ||    14
 Armour: Scale mail        |    24 |       |       |       ||    24
         Chain mail        |    56 |    34 |    31 |       ||   121
         Skin              |       |    11 |     2 |       ||    13
         Steam dragon scal |       |       |    18 |    52 ||    70
  Dodge: Dodged            |    37 |    17 |    35 |    52 ||   141
  Block: Buckler           |     1 |       |       |       ||     1
         Tower shield      |   126 |    85 |   133 |   211 ||   555

Table legend: (Time is in decaauts)
 A = Elapsed time spent in this place.
 B = Non-inter-level travel time spent in this place.
 C = Inter-level travel time spent in this place.
 D = Time resting spent in this place.
 E = Time spent auto-exploring this place.
 F = Levels seen in this place.
 G = Mean time per level.
                   A        B        C        D        E       F      G
               +--------+--------+--------+--------+--------+-----+--------+
         Total |   8486 |   7966 |    520 |    375 |   5629 |  12 |  707.2 |
       Dungeon |   6580 |   6243 |    337 |    373 |   4247 |   9 |  731.1 |
        Temple |    391 |    239 |    152 |      0 |    227 |   1 |  391.0 |
          Lair |   1514 |   1483 |     31 |      2 |   1155 |   2 |  757.0 |
               +--------+--------+--------+--------+--------+-----+--------+

Top non-repeatable levels by time:
     D:8: 1388 daAuts
     D:6: 1061 daAuts
     D:2: 993 daAuts
  Lair:2: 866 daAuts
     D:1: 836 daAuts
     D:3: 682 daAuts
  Lair:1: 648 daAuts
     D:5: 597 daAuts
     D:4: 578 daAuts
     D:7: 432 daAuts
  Temple: 391 daAuts
     D:9: 8 daAuts
